 Dungeon Crawl Stone Soup version 0.16.1-51-g6203257 (webtiles) character file.

44 kae the Firebug (level 3, 0/19 HPs)
             Began as a Tengu Fire Elementalist on July 2, 2015.
             Slain by an adder (4 damage)
             ... on level 2 of the Dungeon.
             The game lasted 00:02:06 (1860 turns).

kae the Firebug (Tengu Fire Elementalist)           Turns: 1860, Time: 00:02:07

Health: 0/19       AC:  2    Str:  8    XL:     3   Next: 62%
Magic:  6/7        EV: 13    Int: 16    God:
Gold:   100        SH:  0    Dex: 17    Spells: 1 memorised, 5 levels left

rFire  . . .     SeeInvis .     f - +0 short sword
rCold  . . .     Clarity  .     a - +0 robe
rNeg   . . .     SustAb   .     (no shield)
rPois  .         Gourm    .     (helmet restricted)
rElec  .         Spirit   .     (no cloak)
rCorr  .         Warding  .     (no gloves)
rMut   .         Stasis   .     (boots unavailable)
MR     .....                    (no amulet)
Stlth  ++........               (no ring)
                                n - +3 ring of dexterity

@: lethally poisoned (0 -> -5), not resistant to hostile enchantments,
unstealthy
A: beak, talons 3
a: no special abilities


You were on level 2 of the Dungeon.
You were hungry.

You visited 1 branch of the dungeon, and saw 2 of its levels.

You collected 100 gold pieces.

Inventory:

Hand weapons
 f - a +0 short sword (weapon)
Armour
 a - a +0 robe (worn)
Jewellery
 n - a +3 ring of dexterity (left hand)
 o - an uncursed ring of sustain abilities {unknown}
 p - a +2 ring of dexterity
Scrolls
 e - a scroll of identify
 h - a scroll of blinking {unknown}
 i - a scroll of magic mapping {unknown}
 j - a scroll of remove curse
 l - a scroll of teleportation {unknown}
 m - a scroll of enchant armour {unknown}
Potions
 d - a potion of flight {unknown}
 g - 2 potions of curing
Books
 b - a book of Flames

   Spells                             Type                      Level
   a - Flame Tongue                   Conjuration/Fire             1
   b - Throw Flame                    Conjuration/Fire             2
   c - Conjure Flame                  Conjuration/Fire             3
   d - Inner Flame                    Hexes/Fire                   3
   e - Sticky Flame                   Conjuration/Fire             4
   f - Fireball                       Conjuration/Fire             5
Comestibles
 c - 3 bread rations


   Skills:
 - Level 2.1 Dodging
 - Level 2.0 Stealth
 + Level 2.3 Spellcasting
 * Level 3.1 Conjurations
 * Level 4.0 Fire Magic


You had 5 spell levels left.
You knew the following spells:

 Your Spells              Type           Power        Failure   Level  Hunger
a - Flame Tongue          Conj/Fire      ##...        6%          1    #......


Dungeon Overview and Level Annotations

Branches:
Dungeon (2/15)

Altars:
Ashenzari
Makhleb

Annotations:
D:2 Sigmund


Innate Abilities, Weirdness & Mutations

You have a beak for a mouth.
You have claws for feet.


Message History

No target in view!
Sigmund the Dreaded comes into view.
He is wielding a scythe.
Sigmund shouts!
Sigmund is nearby!
Sigmund is nearby!
Sigmund is nearby!
A giant cockroach comes into view.
The adder bites you.
* * * LOW HITPOINT WARNING * * *
You are lethally poisoned!
The adder poisons you!
Casting: Flame Tongue
Confirm with . or Enter, or press ? or * to list all spells.
Aiming: Flame Tongue
Press: ? - help, Shift-Dir - straight line, f - adder
Aim: an adder The flame tongue misses the adder.
* * * LOW HITPOINT WARNING * * *
You feel sick. The adder bites you.
You die...

#.#####.# #.....##....##.######
#.#####.# ##.#####.#.###.#
.....##.######.......### #.#
#.##.............#########.# #
#...(...##..####@# ##......######
#.......##..####.# #...####......
##............##.# #...# #.###..
#.....###..#.##S# #...# #.####.
#.....###..#.##@# #...####.##...
####.##..........# #...##......##
.....##.##.##.#.####...##.#.##.##
.....##.##.##................#.##
.....##.##.##................#.##
....###.##.##................#.##
>>.(# #.##.##.#.####...##........
##### #.........# #...########.#
####.###### #...# #.#


You could see Sigmund and an adder.

Vanquished Creatures
  An adder (D:2)
  A worm (D:2)
  2 giant geckos (D:2)
  A ball python (D:1)
  A giant cockroach (D:1)
  2 goblins (D:1)
  5 hobgoblins
  4 kobolds
  A quokka (D:2)
  3 bats
  A giant newt (D:1)
  7 rats
29 creatures vanquished.

Notes
Turn   | Place    | Note
--------------------------------------------------------------
     0 | D:1      | kae, the Tengu Fire Elementalist, began the quest for the Orb.
     0 | D:1      | Reached XP level 1. HP: 10/10 MP: 3/3
   321 | D:1      | Reached XP level 2. HP: 10/15 MP: 1/5
   511 | D:1      | Found a shattered altar of Ashenzari.
  1084 | D:2      | Reached XP level 3. HP: 2/19 MP: 0/7
  1449 | D:2      | Found a burning altar of Makhleb.
  1449 | D:2      | Found a shattered altar of Ashenzari.
  1810 | D:2      | Reached skill level 4 in Fire Magic
  1845 | D:2      | Noticed Sigmund
  1860 | D:2      | Slain by an adder

Action                   || total
-------------------------++-------
Melee: Unarmed           ||    19
       Short sword       ||    20
 Cast: Flame Tongue      ||    38
  Use: Scroll            ||     2
 Stab: Sleeping          ||     2
  Eat: Pizza             ||     1
       Chunk             ||     1
